Map: Ever Dream LE

Players

SinaSC

  • Race: Zerg Zerg
  • League: Diamond
  • Spawn Location: 7:00

MacroKing - Winner!

  • Race: Terran Terran
  • League: Diamond
  • Spawn Location: 1:00

VOD

Have the link to the VOD?

Description

Time

  • Played on: July 27, 2020, 6:46 p.m.
  • Length: 30:27
Show
View Real Time Build Order
Export as new Build Order

SinaSC Zerg 

Build Orders: Hatch First 

Get SALT Encoding   

  12  0:00  Drone  
  13  0:12  Overlord  
  13  0:17  Drone  
  14  0:31  Drone x2  
  16  0:39  Drone  
  17  0:52  Hatchery  
  17  0:56  Drone  
  17  0:59  Drone  
  18  1:09  Extractor  
  17  1:14  Spawning Pool  
  17  1:16  Drone  
  17  1:20  Drone  
  18  1:29  Drone  
  19  1:49  Overlord  
  19  1:52  Drone  
  20  2:02  Queen  
  20  2:04  Queen  
  20  2:05  Zergling x2  
  20  2:06  Zergling x2  
  26  2:23  Metabolic Boost  
  26  2:27  Zergling x6  
  26  2:28  Zergling x2  
  30  2:37  Overlord  
  30  2:44  Zergling x4  
  32  2:56  Drone x2  
  34  3:16  Zergling x2  
  34  3:17  Zergling x6  
  33  3:30  Zergling x2  
  33  3:31  Zergling x12  
  39  3:42  Roach Warren, Drone x2  
  40  3:53  Lair  
  40  4:10  Hatchery  
  34  4:24  Drone x3  
  34  4:25  Drone x6  
  34  4:28  Overlord  
  43  4:41  Spore Crawler  
  43  4:45  Overlord x2  
  42  4:46  Queen  
  42  4:48  Spore Crawler  
  43  5:00  Overlord x2  
  43  5:03  Glial Reconstitution  
  43  5:13  Overlord x2  
  43  5:20  Extractor  
  42  5:22  Drone, Extractor  
  42  5:23  Drone x5, Extractor  
  46  5:40  Roach  
  46  5:44  Evolution Chamber  
  46  5:46  Evolution Chamber  
  44  5:50  Evolution Chamber  
  44  5:51  Roach x2  
  44  5:52  Roach x3  
  53  5:59  Spine Crawler  
  53  6:03  Roach  
  53  6:04  Roach  
  56  6:05  Roach  
  58  6:24  Roach x2  
  58  6:25  Roach  
  60  6:49  Drone  
  60  6:50  Drone x8  
  69  6:55  Zerg Ground Armor Level 1  
  69  7:06  Spore Crawler  
  68  7:12  Drone x5  
  73  7:25  Hatchery  
  73  7:29  Drone  
  73  7:30  Spine Crawler  
  73  7:35  Zerg Missile Weapons Level 1  
  72  7:38  Zerg Melee Weapons Level 1  
  72  7:40  Drone  
  72  7:43  Overlord  
  72  7:44  Overlord  
  73  7:56  Infestation Pit  
  73  7:58  Ravager  
  73  8:03  Overlord x3  
  73  8:06  Drone x12  
  85  8:22  Drone x6  
  91  8:28  Spine Crawler  
  90  8:52  Hive  
  90  8:57  Overlord x3  
  90  9:02  Hatchery  
  89  9:03  Pathogen Glands  
  89  9:09  Zerg Ground Armor Level 2  
  89  9:13  Drone  
  89  9:15  Extractor  
  89  9:16  Extractor  
  88  9:18  Drone x9  
  97  9:35  Roach x10  
  97  9:36  Roach x4  
  125  9:56  Drone  
  125  9:57  Drone x6  
  132  10:14  Adrenal Glands  
  132  10:15  Ultralisk Cavern, Zerg Melee Weapons Level 2  
  132  10:16  Zerg Missile Weapons Level 2  
  131  10:26  Ravager x4  
  131  10:27  Ravager  
  119  11:07  Overlord  
  101  11:35  Ultralisk x4  
  101  11:36  Chitinous Plating  
  109  11:55  Zergling x20  
  109  11:56  Zergling x34  
  125  12:08  Spine Crawler  
  125  12:10  Zergling x2  
  125  12:11  Zergling x2  
  125  12:12  Spore Crawler  
  125  12:13  Extractor  
  121  12:16  Hatchery  
  121  12:18  Overseer x3  
  115  12:34  Ultralisk  
  115  12:35  Ultralisk  
  127  12:45  Drone x3  
  127  12:50  Extractor x2  
  128  12:54  Anabolic Synthesis  
  128  12:59  Hatchery  
  128  13:00  Spore Crawler  
  128  13:02  Spore Crawler, Baneling Nest  
  128  13:05  Spine Crawler, Infestor x2  
  125  13:10  Drone x8  
  125  13:11  Drone x2  
  125  13:12  Hatchery  
  114  13:36  Zergling x2  
  114  13:37  Zergling x18  
  121  13:46  Zergling x2  
  121  14:05  Zerg Ground Armor Level 3, Zerg Missile Weapons Level 3  
  121  14:06  Zerg Melee Weapons Level 3  
  121  14:15  Drone  
  121  14:16  Drone x11  
  130  14:19  Spine Crawler  
  119  14:32  Drone  
  119  14:33  Drone x13  
  119  14:37  Drone  
  130  14:41  Spine Crawler  
  130  14:43  Spine Crawler x2  
  125  14:46  Spine Crawler  
  125  14:49  Drone  
  125  14:50  Drone x3  
  124  14:58  Drone  
  124  14:59  Drone x10  
  135  15:03  Spine Crawler  
  135  15:04  Spine Crawler  
  135  15:05  Spine Crawler  
  135  15:06  Spine Crawler  
  131  15:12  Drone x3  
  131  15:13  Drone  
  131  15:14  Drone x5  
  141  15:28  Zergling x2  
  141  15:29  Zergling x32  
  141  15:31  Drone  
  151  15:41  Extractor  
  145  15:43  Extractor  
  145  15:47  Drone x11  
  155  16:09  Neural Parasite  
  155  16:13  Spire  
  155  16:14  Ultralisk x2  
  166  16:30  Spine Crawler  
  166  16:32  Spine Crawler  
  162  16:33  Spine Crawler  
  162  16:34  Spine Crawler  
  162  16:35  Spine Crawler  
  156  16:41  Zergling x10  
  156  16:42  Zergling x4  
  158  17:00  Spore Crawler  
  156  17:03  Overseer  
  156  17:04  Overseer x3  
  151  17:23  Spore Crawler  
  151  17:24  Spore Crawler  
  151  17:25  Corruptor x3  
  151  17:28  Overlord x5  
  135  17:53  Ultralisk x4  
  135  17:54  Zergling x2, Ultralisk  
  135  17:55  Zergling x42  
  187  18:01  Overlord x2  
  181  18:20  Hatchery  
  181  18:25  Drone x4  
  181  18:26  Drone x11  
  192  18:30  Extractor  
  192  18:32  Corruptor  
  192  18:33  Corruptor x3  
  189  18:52  Extractor  
  175  19:00  Corruptor x4  
  173  19:09  Spine Crawler  
  170  19:11  Spine Crawler  
  170  19:12  Drone x3  
  172  19:24  Drone x5  
  171  19:25  Drone  
  173  19:38  Spine Crawler, Drone x2  
  173  19:39  Spine Crawler  
  151  19:59  Drone x5  
  154  20:04  Drone  
  153  20:14  Drone x2  
  153  20:21  Drone x2  
  157  20:47  Zergling x2  
  157  20:48  Zergling x10  
  157  20:49  Drone  
  150  21:09  Drone  
  150  21:10  Drone x4  
  150  21:18  Spine Crawler, Baneling  
  136  21:37  Corruptor  
  121  22:05  Hatchery  
  120  22:10  Infestor  
  122  22:26  Drone x3  
  122  22:27  Drone  
  126  22:44  Drone x5  
  131  22:55  Burrow  
  131  23:16  Corruptor  
  131  23:17  Hydralisk Den, Corruptor x3  
  133  23:39  Corruptor x2  
  133  23:40  Corruptor  
  139  23:48  Grooved Spines  
  139  24:10  Hatchery  
  139  24:11  Drone x2  
  126  24:28  Hydralisk  
  126  24:29  Hydralisk x5  
  131  24:37  Corruptor x2  
  135  24:43  Infestor x2  
  136  24:56  Drone x7  
  136  24:58  Drone  
  142  25:00  Muscular Augments  
  140  25:18  Corruptor  
  140  25:20  Drone  
  143  25:43  Extractor  
  143  25:44  Drone x3  
  145  25:50  Zerg Flyer Weapons Level 1  
  145  25:58  Spine Crawler, Hydralisk  
  146  26:05  Drone x3  
  146  26:06  Drone  
  146  26:07  Drone  
  151  26:21  Infestor x5  
  133  26:47  Hydralisk  
  133  26:48  Hydralisk x4  
  133  26:50  Ultralisk x2  
  155  27:03  Corruptor x3  
  147  27:13  Spore Crawler  
  147  27:14  Spore Crawler x2  
  85  27:41  Corruptor x3  
  46  29:07  Drone x5  
Show
View Real Time Build Order
Export as new Build Order

MacroKing Terran - Winner!

Build Orders:  

Get SALT Encoding   

  12  0:02  SCV  
  13  0:14  SCV  
  13  0:18  Supply Depot  
  14  0:26  SCV  
  15  0:34  Refinery  
  15  0:40  SCV  
  16  0:49  Barracks  
  16  0:52  SCV  
  17  1:04  SCV  
  18  1:16  SCV  
  19  1:28  SCV  
  20  1:40  SCV  
  20  1:41  Command Center  
  21  1:51  Factory  
  21  1:59  Barracks Reactor  
  21  2:03  Supply Depot  
  21  2:09  Refinery  
  21  2:10  SCV  
  22  2:22  SCV  
  23  2:34  SCV  
  24  2:44  Supply Depot  
  24  2:45  Hellion x2  
  24  2:47  Marine  
  29  2:56  SCV, Starport  
  30  3:30  Hellion x2  
  34  3:40  SCV, Command Center  
  35  3:50  Viking  
  35  3:52  SCV  
  35  3:55  SCV  
  39  3:58  Hellion  
  41  4:04  Hellion  
  41  4:06  SCV  
  42  4:25  Hellion  
  42  4:27  SCV  
  42  4:31  Engineering Bay  
  45  4:35  Command Center  
  45  4:38  Hellion  
  46  4:39  SCV  
  47  4:46  SCV  
  47  4:51  SCV, Hellion  
  51  4:59  SCV  
  52  5:03  SCV  
  53  5:14  Planetary Fortress  
  53  5:16  SCV  
  54  5:25  Refinery  
  54  5:28  Planetary Fortress, Refinery  
  54  5:38  Supply Depot  
  54  5:42  Supply Depot  
  52  6:12  SCV  
  51  6:24  SCV  
  38  6:34  Armory  
  38  6:36  SCV  
  38  6:39  Factory  
  39  6:40  Factory  
  39  6:41  Factory  
  39  6:43  Factory  
  39  6:44  Missile Turret  
  39  6:45  Planetary Fortress, Missile Turret x2  
  39  6:51  SCV  
  40  6:55  Command Center  
  40  6:59  SCV  
  41  7:03  SCV  
  41  7:06  Barracks  
  42  7:11  SCV  
  42  7:15  SCV  
  44  7:17  Widow Mine x2  
  48  7:23  SCV  
  49  7:32  Supply Depot  
  49  7:35  SCV  
  50  7:37  Factory Tech Lab x4  
  50  7:39  Widow Mine  
  52  7:47  SCV  
  53  7:57  Ghost Academy  
  53  7:58  Ghost Academy  
  53  7:59  SCV  
  53  8:01  Ghost Academy  
  53  8:04  SCV  
  53  8:05  Missile Turret  
  55  8:11  SCV  
  56  8:16  Cyclone  
  56  8:17  SCV, Cyclone  
  63  8:23  Cyclone  
  66  8:28  Barracks Tech Lab  
  66  8:29  SCV, Personal Cloaking  
  67  8:35  Medivac  
  67  8:39  Supply Depot  
  67  8:41  SCV, Planetary Fortress  
  70  8:49  Cyclone  
  70  8:54  Ghost  
  75  9:02  Supply Depot  
  75  9:04  SCV  
  76  9:17  SCV  
  76  9:20  Refinery  
  76  9:21  Starport Reactor  
  76  9:22  Ghost, Refinery  
  79  9:34  Cyclone x2  
  79  9:37  SCV  
  86  9:41  Refinery  
  86  9:42  SCV  
  86  9:43  Refinery  
  87  9:47  Cyclone  
  87  9:48  Widow Mine x2  
  87  9:49  SCV  
  87  9:51  Ghost  
  97  9:54  SCV, Missile Turret  
  98  10:01  SCV  
  98  10:02  Nuke x2  
  98  10:06  SCV  
  100  10:07  Nuke  
  100  10:13  SCV  
  101  10:18  SCV  
  101  10:21  Cyclone  
  105  10:22  Cyclone  
  105  10:24  Cyclone  
  105  10:25  SCV  
  112  10:29  Mag-Field Accelerator  
  112  10:30  SCV  
  113  10:40  Ghost  
  115  10:43  SCV  
  116  10:55  SCV  
  111  12:13  Ghost  
  113  12:28  Hellion x6  
  121  12:30  SCV  
  120  12:41  Supply Depot  
  120  12:42  SCV, Ghost  
  120  12:44  Supply Depot x2  
  123  12:45  Supply Depot  
  123  12:46  Supply Depot  
  123  12:54  SCV, Command Center  
  123  12:55  Hellion  
  124  13:03  Hellion x4  
  124  13:05  Hellion, Starport, Liberator x2  
  140  13:06  SCV, Starport  
  140  13:09  Supply Depot x2  
  140  13:10  Supply Depot  
  140  13:11  Ghost  
  143  13:16  Hellion  
  143  13:18  SCV, Supply Depot  
  146  13:20  Supply Depot  
  146  13:22  Supply Depot x2  
  146  13:25  Hellion x4  
  143  13:27  Hellion  
  143  13:31  SCV  
  130  13:37  Hellion  
  129  13:46  Hellion x4  
  139  13:48  SCV, Hellion  
  139  13:54  Nuke x2  
  139  13:55  Nuke  
  140  14:02  Starport Tech Lab x2  
  140  14:04  Starport Reactor x2  
  103  14:54  Liberator x2  
  103  14:55  Liberator x4  
  129  15:03  Cyclone x3  
  130  15:14  Factory Tech Lab  
  130  15:35  Cyclone x3  
  139  15:37  Liberator  
  138  15:49  Cyclone x2  
  136  15:53  SCV  
  136  15:56  Planetary Fortress, Command Center  
  137  15:58  Liberator x3  
  146  16:05  SCV  
  146  16:07  Cyclone x3  
  142  16:44  Hellion x5  
  143  17:05  Hellion  
  143  17:06  Hellion x4  
  152  17:27  Hellion x5  
  134  17:48  Hellion x2  
  134  17:49  Hellion  
  135  17:58  Starport Tech Lab  
  135  17:59  Starport Tech Lab  
  135  18:02  Starport Tech Lab  
  115  18:30  Hellion x5  
  115  18:34  Cloaking Field, Fusion Core  
  127  18:51  Hellion  
  127  18:52  Hellion x4  
  125  19:05  Viking x3  
  128  19:13  Hellion  
  114  19:35  Viking x3  
  109  20:05  Viking  
  109  20:06  Hellion  
  109  20:07  Hellion x4  
  109  20:08  Viking x2  
  113  20:25  Command Center  
  113  20:28  Hellion x3  
  119  20:34  Viking, Missile Turret  
  119  20:35  Missile Turret x2  
  121  20:36  Missile Turret  
  121  20:37  Missile Turret  
  121  20:38  Viking x2, Missile Turret  
  121  20:40  Missile Turret  
  100  20:58  Cyclone x5  
  113  21:04  Viking  
  113  21:08  Viking x2  
  107  21:44  Battlecruiser  
  107  21:45  Battlecruiser  
  113  22:12  Weapon Refit  
  113  22:48  Liberator x2  
  114  23:26  Battlecruiser  
  120  23:29  Planetary Fortress  
  120  23:35  Hellion  
  122  23:43  Refinery  
  95  25:09  Battlecruiser x2  
  95  25:11  Battlecruiser  
  99  25:32  Refinery  
  99  25:42  Command Center  
  99  25:51  Barracks Tech Lab  
  99  26:15  Battlecruiser  
  105  26:29  Missile Turret  
  105  26:31  Missile Turret x2  
  99  26:34  Cyclone  
  99  26:35  Cyclone x4  
  83  27:06  Cyclone  
  78  27:25  Cyclone  
  81  27:36  Cyclone  
  61  29:43  Missile Turret  
  61  29:50  Missile Turret  
Tags
 
Add a new tag
Caveats
  • Supply blocks, unpowered buildings, or Contaminate may cause inaccurate times.
  • Supply counts are checked every 10 seconds.